 Dungeon Crawl Stone Soup version 0.25-a0-166-g16436c4407 (webtiles) character file.

Game seed: 2377727946208444370, levelgen mode: deterministic

7012 Amnesiac the Thrower (level 10, -3/85 HPs)
             Began as a Troll Hunter on Nov 24, 2019.
             Was a Priest of Okawaru.
             Slain by a yaktaur captain (13 damage)
             ... on level 8 of the Dungeon.
             The game lasted 00:18:19 (7403 turns).

Amnesiac the Thrower (Troll Hunter)                 Turns: 7403, Time: 00:18:19

Health: -3/85      AC:  7    Str: 25    XL:     10   Next: 82%
Magic:  11/12      EV: 10    Int:  7    God:    Okawaru [***...]
Gold:   190        SH:  0    Dex: 10    Spells: 5/9 levels left

rFire    . . .     SeeInvis .   L - +7 hunting sling "Ymepsyfock" {freeze, MR+++}
rCold    . . .     Gourm    +   (no shield)
rNeg     . . .     Faith    .   c - +0 robe (curse)
rPois    .         Spirit   .   (helmet restricted)
rElec    .         Reflect  .   p - +0 cloak
rCorr    +         Harm     .   (gloves unavailable)
MR       +++..                  (boots unavailable)
Stlth    +.........             m - amulet of the acrobat
HPRegen  0.64/turn              y - +1 ring of slaying
MPRegen  0.13/turn              x - ring of resist corrosion (curse)

@: hasted, very quick
A: large, unfitting armour, claws 3, fast metabolism 3, gourmand, regeneration
1, shaggy fur 1, tough skin 3
a: Heroism, Renounce Religion


You were on level 8 of the Dungeon.
You worshipped Okawaru.
Okawaru was most pleased with you.
You were very full.

You visited 2 branches of the dungeon, and saw 9 of its levels.

You collected 333 gold pieces.
You spent 143 gold pieces at shops.

Inventory:

Hand Weapons
 F - the +5 short sword "Widowmaker" {freeze, +Fly rPois rF+ Str+3}
   (You found it on level 6 of the Dungeon)

   It has been specially enchanted to freeze those struck by it, causing extra
   injury to most foes and up to half again as much damage against particularly
   susceptible opponents.
   It can also slow down cold-blooded creatures.
   It affects your strength (+3).
   It protects you from fire.
   It protects you from poison.
   It lets you fly.
 L - the +7 hunting sling "Ymepsyfock" (weapon) {freeze, MR+++}
   (You bought it in a shop on level 6 of the Dungeon)

   It causes projectiles fired from it to freeze those they strike, causing
   extra injury to most foes and up to half again as much damage against
   particularly susceptible opponents.
   They can also slow down cold-blooded creatures.
   It affects your resistance to hostile enchantments.
Missiles
 a - 234 stones
 d - 3 throwing nets
 w - 15 boomerangs
 E - 2 silver javelins
 K - 23 sling bullets (quivered)
 P - 9 poisoned darts
Armour
 c - a cursed +0 robe (worn)
 p - a +0 cloak (worn)
Jewellery
 l - an uncursed ring of fire
 m - an amulet of the acrobat (around neck)
 x - a cursed ring of resist corrosion (right claw)
 y - a +1 ring of slaying (left claw)
 C - an uncursed ring of flight
 N - an uncursed ring of protection from cold
Wands
 b - a wand of acid (9)
 o - a wand of random effects (17)
 D - a wand of polymorph (2)
 J - a wand of digging (8)
 M - a wand of flame (26)
Scrolls
 k - 3 scrolls of remove curse {!r}
 n - 2 scrolls of identify {!r}
 u - 2 scrolls of blinking {!r}
 H - 4 scrolls of teleportation {!r}
Potions
 g - 3 potions of heal wounds {!q}
 q - a potion of haste {!q}
 r - a potion of brilliance {!q}
 t - a potion of magic {!q}
 z - a potion of curing {!q}
 I - 2 potions of flight {!q}
Comestibles
 f - 22 rations


   Skills:
 - Level 1.5 Fighting
 * Level 14.2 Throwing
 - Level 1.5 Dodging
 - Level 0.3 Stealth
 - Level 4.0 Evocations


You had 5 spell levels left.
You knew the following spells:

 Your Spells              Type           Power        Failure   Level  Hunger
a - Summon Butterflies    Summ           #.......     43%         1    ##.....
b - Apportation           Tloc           #.....       43%         1    ##.....
c - Animate Skeleton      Necr           N/A          43%         1    ##.....
z - Confusing Touch       Hex            #.....       43%         1    ##.....

Your spell library contained the following spells:

 Spells                   Type           Power        Failure   Level  Hunger
 Pain                     Necr           #...         43%         1    ##.....
 Confuse                  Hex            #.......     80%         3    ####...
 Gell's Gravitas          Tloc           #.........   80%         3    ####...
 Lesser Beckoning         Tloc           #.........   80%         3    ####...
 Regeneration             Chrm/Necr      #.........   80%         3    ####...
 Tukima's Dance           Hex            #.......     80%         3    ####...
 Vampiric Draining        Necr           #.........   80%         3    ####...
 Animate Dead             Necr           N/A          99%         4    #####..
 Petrify                  Tmut/Erth      #.......     99%         4    #####..
 Alistair's Intoxication  Tmut/Pois      #.......     100%        5    ######.
 Metabolic Englaciation   Hex/Ice        #.........   100%        5    ######.
 Yara's Violent Unravell  Hex/Tmut       #.........   100%        5    ######.
 Invisibility             Hex            #.......     100%        6    #######


Dungeon Overview and Level Annotations

Branches:
Dungeon (8/15)             Temple (1/1) D:7            Lair (0/6) D:8

Altars:
Ashenzari
Cheibriados
Dithmenos
Elyvilon
Fedhas
Gozag
Hepliaklqana
Kikubaaqudgha
Makhleb
Nemelex Xobeh
Okawaru
Qazlal
Ru
Sif Muna
Trog
Uskayaw
Vehumet
Wu Jian
Xom
Yredelemnul
The Shining One

Shops:
D:6 (


Innate Abilities, Weirdness & Mutations

You are too large for most types of armour.
You have claws for hands.
Your metabolism is lightning-fast.
You like to eat raw meat.
Your natural rate of healing is unusually fast.
You are covered in fur. (AC +1)
You have extremely tough skin. (AC +3)


Message History

Unknown command.
Unknown command.
Unknown command.
Quiver which item? (- for none, * to show all) (? for menu, Esc to quit)
That's the wrong kind of item! (Use * to select it.) Quiver which item? (- for none, * to show all) (? for menu, Esc to quit)
That's the wrong kind of item! (Use * to select it.) Quiver which item? (- for none, * to show all) (? for menu, Esc to quit)
That's the wrong kind of item! (Use * to select it.) Quiver which item? (- for none, * to show all) (? for menu, Esc to quit)
That's the wrong kind of item! (Use * to select it.) Quiver which item? (- for none, * to show all) (? for menu, Esc to quit)
That's the wrong kind of item! (Use * to select it.) Quiver which item? (- for none, * to show all) (? for menu, Esc to quit)
That's the wrong kind of item! (Use * to select it.) Quiver which item? (- for none, * to show all) (? for menu, Esc to quit)
That's the wrong kind of item! (Use * to select it.) Quiver which item? (- for none, * to show all) (? for menu, Esc to quit)
That's the wrong kind of item! (Use * to select it.) Quiver which item? (- for none, * to show all) (? for menu, Esc to quit)
Okay, then.
Quiver which item? (- for none, * to show all) (? for menu, Esc to quit)
Quivering
K - 28 sling bullets for slings.
Firing (i - inventory. (/) - cycle)
K - 28 sling bullets (quivered)
Press: ? - help, Shift-Dir - straight line, f/p - yaktaur captain
Aim: a yaktaur captain, wielding a +0 arbalest (lightly wounded)
You shoot a sling bullet.
The sling bullet completely misses the yaktaur captain.
Firing (i - inventory. (/) - cycle)
K - 27 sling bullets (quivered)
Press: ? - help, Shift-Dir - straight line, f/p - yaktaur captain
Aim: a yaktaur captain, wielding a +0 arbalest (lightly wounded)
You shoot a sling bullet.
The sling bullet hits the yaktaur captain!
The sling bullet freezes the yaktaur captain.
The yaktaur captain is moderately wounded.
The yaktaur captain shoots a bolt.
The bolt hits you!!
* * * LOW HITPOINT WARNING * * *
You feel like a meek peon again.
Firing (i - inventory. (/) - cycle)
K - 26 sling bullets (quivered)
Press: ? - help, Shift-Dir - straight line, f - rakshasa, p - yaktaur captain
Aim: a rakshasa, wielding a +0 trident and wearing a +0 robe (black smoke)
You shoot a sling bullet.
The sling bullet hits the yaktaur captain.
The sling bullet freezes the yaktaur captain.
The yaktaur captain is moderately wounded.
The yaktaur captain unwields a +0 arbalest.
The yaktaur captain closely misses you.
Firing (i - inventory. (/) - cycle)
K - 25 sling bullets (quivered)
Press: ? - help, Shift-Dir - straight line, f/p - rakshasa
Aim: a rakshasa, wielding a +0 trident and wearing a +0 robe (black smoke)
You shoot a sling bullet.
The sling bullet hits the yaktaur captain!!
The sling bullet freezes the yaktaur captain.
The yaktaur captain is severely wounded.
The rakshasa hits you from afar with a +0 trident!!
* * * LOW HITPOINT WARNING * * *
Firing (i - inventory. (/) - cycle)
K - 24 sling bullets (quivered)
Press: ? - help, Shift-Dir - straight line, f/p - rakshasa
Aim: a rakshasa, wielding a +0 trident and wearing a +0 robe (black smoke)
You shoot a sling bullet.
The sling bullet completely misses the yaktaur captain.
The sling bullet barely misses the rakshasa.
The yaktaur captain hits you!
You die...

##.........#####......#.###...#..
#....)......####.....(..##.......
#.............##...####=#........
#.............###.## ##..........
...............##.####...........
###.....................##......[
..#.......######........###......
.≈#÷.###.##)D######..............
..#.## ###HDJ##c@.#...........###
†≈..## #DsR#R##.#..>........##.
.)#..### ####(###)#......[....##.
.≈#....#####.###§##..............
≈P#.......#(###§..#..............
PP#....####.##..#.#.####.........
###...## #...#...#.## #.>.......
..###.##########.##..###.........
.......##..### #..#..#...........


You could see a yaktaur captain and a rakshasa.

Vanquished Creatures
  A hydra (D:8)
  A two-headed ogre (D:6)
  A fire crab (D:7)
  An unseen horror (D:7)
  Pikel (D:8)
  An elephant (D:8)
  A hippogriff (D:7)
  2 dream sheep (D:8)
  3 yaks (D:8)
  A basilisk (D:8)
  Grum (D:8)
  A black bear (D:8)
  3 slaves (D:8)
  2 phantoms
  A necrophage (D:5)
  4 centaurs
  4 wolves (D:8)
  An ogre (D:7)
  A crocodile (D:8)
  3 big kobolds (D:8)
  A bullfrog (D:6)
  3 scorpions
  3 killer bees (D:8)
  A howler monkey (D:6)
  A bullfrog zombie (D:7)
  2 crimson imps
  3 hounds
  5 orc wizards
  An orc priest (D:4)
  2 jellies (D:7)
  A centaur skeleton (D:6)
  An iguana (D:4)
  4 worker ants
  A hound zombie (D:6)
  2 worker ant zombies
  6 gnolls
  5 adders
  A shadow imp (D:7)
  An adder skeleton (D:4)
  An adder zombie (D:5)
  2 dart slugs
  3 leopard geckos
  23 orcs
  3 bats
  6 giant cockroaches
  10 goblins
  7 hobgoblins
  22 jackals
  4 kobolds
  3 quokkas
  A ball python (D:8)
  3 frilled lizards
  A jackal skeleton (D:7)
  2 leopard gecko skeletons
  A quokka skeleton (D:6)
  8 rats
178 creatures vanquished.

Vanquished Creatures (others)
  A slave (D:8)
  An orc wizard (D:4)
2 creatures vanquished.

Grand Total: 180 creatures vanquished

Notes
Turn   | Place    | Note
-------+----------+-------------------------------------------
     0 | D:1      | Amnesiac the Troll Hunter began the quest for the Orb.
     0 | D:1      | Reached XP level 1. HP: 19/19 MP: 0/0
   100 | D:1      | Reached skill level 4 in Throwing
   104 | D:1      | Reached XP level 2. HP: 27/27 MP: 1/1
   875 | D:2      | Reached XP level 3. HP: 33/33 MP: 2/2
  1168 | D:2      | Found a white marble altar of Elyvilon.
  1492 | D:2      | Reached skill level 5 in Throwing
  1628 | D:2      | Reached XP level 4. HP: 41/41 MP: 3/3
  1671 | D:2      | Learned a level 1 spell: Confusing Touch
  1831 | D:3      | Reached XP level 5. HP: 40/48 MP: 4/4
  2327 | D:3      | Reached skill level 6 in Throwing
  2369 | D:4      | Found a snail-covered altar of Cheibriados.
  2798 | D:4      | Found a sparkling altar of Nemelex Xobeh.
  2833 | D:4      | You fall into a shaft and drop 2 floors!
  2843 | D:6      | Reached skill level 1 in Evocations
  2843 | D:6      | Reached XP level 6. HP: 54/55 MP: 5/5
  2899 | D:6      | Got an ichor-stained short sword
  3034 | D:5      | Entered Level 5 of the Dungeon
  3228 | D:4      | Reached skill level 7 in Throwing
  3487 | D:4      | Found a shimmering blue altar of Sif Muna.
  3754 | D:5      | Reached XP level 7. HP: 31/62 MP: 7/7
  4368 | D:6      | Reached skill level 8 in Throwing
  4557 | D:6      | Noticed a two-headed ogre
  4566 | D:6      | Killed a two-headed ogre
  4566 | D:6      | Reached skill level 9 in Throwing
  4566 | D:6      | Reached XP level 8. HP: 12/70 MP: 9/9
  4764 | D:6      | Found Jisaxtak's Antique Weapon Shoppe.
  4770 | D:6      | Bought an ichor-stained hunting sling for 143 gold pieces
  4770 | D:6      | Identified the +7 hunting sling "Ymepsyfock" {freeze,
                  | MR+++} (You bought it in a shop on level 6 of the Dungeon)
  4771 | D:6      | Identified the +5 short sword "Widowmaker" {freeze, +Fly
                  | rPois rF+ Str+3} (You found it on level 6 of the Dungeon)
  4797 | D:6      | Found an ornate altar of the Wu Jian Council.
  5232 | D:7      | Reached skill level 10 in Throwing
  5303 | D:7      | Noticed a hippogriff
  5311 | D:7      | Killed a hippogriff
  5311 | D:7      | Reached XP level 9. HP: 68/76 MP: 11/11
  5325 | D:7      | Found a stormy altar of Qazlal.
  5408 | D:7      | Killed an unseen horror
  5408 | D:7      | Reached skill level 11 in Throwing
  5640 | D:7      | Found a staircase to the Ecumenical Temple.
  5648 | Temple   | Entered the Ecumenical Temple
  5655 | Temple   | Became a worshipper of Warmaster Okawaru
  5928 | D:8      | Found a staircase to the Lair.
  5928 | D:8      | Noticed an elephant
  5934 | D:8      | Killed an elephant
  5940 | D:8      | Noticed Harold
  5952 | D:8      | Reached skill level 12 in Throwing
  5973 | D:7      | Noticed Harold
  5973 | D:7      | Harold changed into Harold the fire crab
  6088 | D:8      | Reached * piety under Okawaru
  6116 | D:8      | Learned a level 1 spell: Summon Butterflies
  6121 | D:8      | Learned a level 1 spell: Apportation
  6123 | D:8      | Learned a level 1 spell: Animate Skeleton
  6188 | D:8      | Noticed Pikel
  6208 | D:8      | Killed Pikel
  6208 | D:8      | Reached ** piety under Okawaru
  6208 | D:8      | Reached XP level 10. HP: 67/85 MP: 12/12
  6498 | D:8      | Noticed Grum
  6529 | D:8      | Killed Grum
  6590 | D:8      | Reached skill level 13 in Throwing
  6684 | D:8      | Reached *** piety under Okawaru
  6690 | D:8      | Received a gift from Okawaru
  6727 | D:8      | Noticed a three-headed hydra
  6803 | D:7      | HP: 1/85 [something] (21)]
  6806 | D:7      | Killed Harold the fire crab
  6988 | D:8      | Noticed a yaktaur captain
  6988 | D:8      | Noticed a fire dragon
  6989 | D:8      | Found a runed translucent door.
  6991 | D:8      | Noticed a manticore
  6991 | D:8      | Noticed a fire dragon
  6991 | D:8      | Noticed a rakshasa
  6991 | D:8      | Noticed a wolf spider
  7270 | D:8      | Killed a three-headed hydra
  7270 | D:8      | Received a gift from Okawaru
  7270 | D:8      | Reached skill level 14 in Throwing
  7403 | D:8      | Slain by a yaktaur captain

Levels and vault maps discovered:
D:1:      dpeg_arrival_rooms_b, layout_loops_ring
D:2:      layout_basic, lemuel_round_altar
D:3:      layout_basic
D:4:      layout_loops_ring, led_sif_book, nicolae_overflow_hidden_temple,
          nemelex_xobeh_ov_fountains_minmay, first_ration
D:5:      layout_loops_ring, minmay_misc_feat_columns
D:6:      layout_loops_ring, kennysheep_mini, serial_shops, shop
D:7:      layout_loops_ring, lemuel_crystal_altar, minmay_temple_entry_mist,
          kennysheep_crisscross
D:8:      minmay_gate_of_8, layout_cave_pools, david_lair_generic,
          hangedman_ranch [blue_anna_fruit_fields], uniq_pikel, uniq_grum,
          uniq_harold
Temple:   nicolae_temple_no_exploring_needed

Skill      XL: |  1  2  3  4  5  6  7  8  9 10 |
---------------+-------------------------------+-----
Throwing       | 4 5 6 7 9 10 12 14 | 14.2
Evocations     | 1 2 3 4 |  4.0
Fighting       | |  1.5
Dodging        | |  1.5
Stealth        | |  0.3

Action                   |  1- 3 |  4- 6 |  7- 9 | 10-12 || total
-------------------------+-------+-------+-------+-------++-------
Melee: Unarmed           |   133 |   158 |    79 |       ||   370
       Short sword       |     7 |       |       |       ||     7
       Hunting sling     |       |       |     1 |       ||     1
 Fire: Hunting sling     |       |       |   109 |    75 ||   184
Throw: Large rock        |     6 |    23 |    20 |    24 ||    73
       Stone             |       |     4 |    27 |       ||    31
       Boomerang         |       |     2 |     1 |       ||     3
       Javelin           |       |       |     5 |       ||     5
       Throwing net      |       |       |     3 |       ||     3
       Dart              |       |       |    12 |    11 ||    23
 Cast: Confusing Touch   |       |       |     2 |       ||     2
Invok: Heroism           |       |       |       |     1 ||     1
Evoke: Wand              |       |       |     9 |       ||     9
  Use: Scroll            |       |     3 |       |    10 ||    13
       Potion            |       |       |     8 |     2 ||    10
 Stab: Confused          |       |       |     2 |       ||     2
  Eat: Chunk             |    21 |    15 |    27 |     8 ||    71
Armor: Robe              |    63 |    75 |    42 |     9 ||   189
       Skin              |       |       |     7 |       ||     7
Dodge: Dodged            |    73 |   114 |    80 |    30 ||   297

Table legend:
 A = Non-vault XP
 B = Vault XP
 C = Vault XP percentage of total XP
 D = Non-vault monster count
 E = Vault monster count
 F = Vault count percentage of total count
                 A         B        C        D         E       F
            +---------+---------+-------+---------+---------+-------
      Total |    4733 |    5285 |  52.8 |     155 |      20 |  11.4
            +---------+---------+-------+---------+---------+-------
        D:1 |      32 |       0 |   0.0 |      19 |       0 |   0.0
        D:2 |     103 |       0 |   0.0 |      24 |       0 |   0.0
        D:3 |      99 |       0 |   0.0 |      26 |       0 |   0.0
        D:4 |     146 |       9 |   5.8 |      11 |       1 |   8.3
        D:5 |     558 |       0 |   0.0 |      21 |       0 |   0.0
        D:6 |    1455 |       0 |   0.0 |      17 |       0 |   0.0
        D:7 |    1529 |     788 |  34.0 |      21 |       1 |   4.5
        D:8 |     808 |    4488 |  84.7 |      15 |      18 |  54.5
     Temple |       3 |       0 |   0.0 |       1 |       0 |   0.0
            +---------+---------+-------+---------+---------+-------
